 Dungeon Crawl Stone Soup version 0.29.1-15-g9cfb28693d (webtiles) character file.

Game seed: 10066592194684380116

11 M4edhros the Trooper (level 2, -1/21 HPs)
             Began as an Octopode Chaos Knight on Mar 4, 2023.
             Was a Plaything of Xom.
             Slain by a kobold
             ... wielding a +0 dagger
              (4 damage)
             ... on level 2 of the Dungeon.
             The game lasted 00:00:31 (465 turns).

M4edhros the Trooper (Octopode Chaos Knight)         Turns: 465, Time: 00:00:32

Health: -1/21      AC:  1    Str: 11    XL:     2   Next: 25%
Magic:  2/2        EV: 13    Int: 14    God:    Xom [..*...]
Gold:   61         SH:  0    Dex: 11    Spells: 1/1 levels left

rFire   . . .      SeeInvis .   a - +0 mace (chaos)
rCold   . . .      Faith    .   (no shield)
rNeg    . . .      Spirit   .   (helmet restricted)
rPois   .          Reflect  .   (no amulet)
rElec   .          Harm     .   c - ring of flight
rCorr   +          Rampage  .   d - ring of resist corrosion
Will    .....                   (no ring)
Stlth   ++........              (no ring)
HPRegen 0.07/turn               (no ring)
MPRegen 0.08/turn               (no ring)
                                (no ring)
                                (no ring)

@: flying
A: almost no armour, amphibious, 8 rings, camouflage 1, gelatinous body 1,
(nimble swimmer 1), tentacles
a: Renounce Religion


You were on level 2 of the Dungeon.
You worshipped Xom.
You were a toy of Xom.
You visited 1 branch of the dungeon, and saw 2 of its levels.

You collected 61 gold pieces.

Inventory:

Hand Weapons
 a - a +0 mace of chaos (weapon)
Jewellery
 c - a ring of flight (left tentacle)
 d - a ring of resist corrosion (right tentacle)
Scrolls
 f - a scroll of identify {unknown}
 g - a scroll of brand weapon {unknown}
Potions
 e - a potion of berserk rage {unknown}
Miscellaneous
 b - a piece from Xom's chessboard (15/15) (quivered)


   Skills:
 + Level 3.3 Fighting
 - Level 3.0 Maces & Flails
 + Level 2.8 Dodging


You had one spell level left.
You didn't know any spells.
Your spell library was empty.

Dungeon Overview and Level Annotations

Branches:
Dungeon (2/15)

Altars:


Innate Abilities, Weirdness & Mutations

You cannot wear most types of armour.
You are amphibious.
You can wear up to eight rings at the same time.
Your skin changes colour to match your surroundings (Stealth+).
Your rubbery body absorbs attacks. (AC +1, EV +1)
((You are camouflaged when in or above water. (Stealth+)))
You have tentacles for arms and can constrict up to eight enemies at once.


Message History

The kobold shouts!
You hit the endoplasm. You drain the endoplasm.
The endoplasm is heavily wounded.
You hear a shout!
A bat comes into view.
The endoplasm freezes you.
You are frozen.
You hit the endoplasm but do no damage.
The endoplasm is heavily wounded.
The endoplasm hits you.
You hit the endoplasm but do no damage.
The endoplasm is heavily wounded.
The bat misses you. The endoplasm hits you.
You barely miss the endoplasm.
The endoplasm is heavily wounded.
The bat completely misses you. The bat hits you.
The endoplasm barely misses you. The endoplasm attacks as you move away!
The endoplasm hits you. The bat hits you but does no damage.
The endoplasm attacks as you move away! The endoplasm hits you.
The bat hits you. The endoplasm attacks as you move away!
The endoplasm misses you. The bat barely misses you.
The bat closely misses you.
Found a stone staircase leading down.
The bat hits you but does no damage.
You are too injured to fight recklessly!
You barely miss the bat. You grab the bat. You constrict the bat.
The bat misses you.
The bat escapes!
The endoplasm hits you.
You hit the endoplasm.
You kill the endoplasm!
The bat hits you.
You hit the kobold but do no damage.
The kobold flickers and vanishes!
Deactivating autopickup; reactivate with Ctrl-A.
Something hits you but does no damage.
You miss something. Your squeeze misses something. Something hits you.
* * * LOW HITPOINT WARNING * * *
You miss something. Your squeeze misses something. Something hits you.
You die... "It was about time."

....# ....#
############ ....#
#..........#### ....#
#..........#... ....#
##...........[###....#
............# ##....>#
#..........# #.@....#
#..........###{######
#.............b.###.#
#...................#
##..#...............#
................#####
...................#
.....#####........##
.....##...........#


You could see a bat.

Vanquished Creatures
  2 endoplasms
  A giant cockroach (D:1)
  A hobgoblin (D:1)
  A ball python (D:1)
  A goblin (D:1)
  6 rats (D:1)
12 creatures vanquished.

Notes
Turn   | Place    | Note
-------+----------+-------------------------------------------
     0 | D:1      | M4edhros the Octopode Chaos Knight began the quest for the
                  | Orb.
     0 | D:1      | Reached XP level 1. HP: 16/16 MP: 1/1
    17 | D:1      | XOM: silly message
   101 | D:1      | XOM: silly message
   299 | D:1      | XOM: silly message
   306 | D:1      | Reached XP level 2. HP: 17/21 MP: 2/2
   433 | D:1      | You are sucked into a shaft and drop 1 floor!
   444 | D:2      | XOM: silly message
   465 | D:2      | Slain by a kobold

Illustrated notes

Levels and vault maps discovered:
D:1:      giann_horns, layout_loops_cross, minmay_bisected
D:2:      layout_rooms, basic_altar

Action                   || total
-------------------------++-------
Melee: Mace              ||    25
       Constrict         ||     6
       Tentacles         ||     2
 Stab: Sleeping          ||     1
Armor: Skin              ||     3
Dodge: Dodged            ||    15
